AoeStats
← CENITRO

Arabian Desert

510137951Analyzed
1v1 RM · 2d ago on Sep 29, 2026· 44m 5s· 2 players
Game mode
Random Map
Map size
Tiny (2 player)
Population
200
Speed
Normal
Resources
Standard
Victory
Conquest
Starting age
Dark Age
Ending age
Imperial Age
RankedLock teamsTeams togetherTeam positionsShared explorationLock speedFull tech treeHidden civsTurbo modeCheats
Victory
Defeat
🇵🇪 Mongols · Peru
718
+17
🇩🇪 Koreans · Germany
740
-17
CENITRO
10:55 Feudal Age
11:39 Loom
11:59 Double-Bit Axe
14:12 Scale Barding Armor
15:52 Bloodlines
17:40 Horse Collar
18:31 Padded Archer Armor
19:57 Fletching
25:23 Castle Age
26:47 Wheelbarrow
27:18 Bow Saw
27:10 Heavy Plow
29:14 Gold Mining
30:53 Stone Mining
30:50 Light Cavalry
32:36 Gold Shaft Mining
32:20 Hand Cart
33:08 Husbandry
32:34 Pikeman
33:15 Squires
38:49 Imperial Age
38:47 Leather Archer Armor
39:26 Town Watch
39:49 Bodkin Arrow
40:05 Forging
39:29 Onager
39:38 Elite Skirmisher
40:42 Conscription
40:04 Capped Ram
41:38 Ballistics
42:51 Chemistry
41:48 Murder Holes
42:17 Cavalier
43:04 Scale Mail Armor
43:18 Masonry
nnn_0
5:52 Loom
10:26 Feudal Age
10:57 Double-Bit Axe
12:17 Horse Collar
15:38 Wheelbarrow
17:47 Stone Mining
21:30 Forging
24:28 Castle Age
23:18 Scale Mail Armor
27:26 Iron Casting
28:34 Chain Mail Armor
28:24 Scale Barding Armor
30:23 Gold Mining
31:58 Fletching
32:32 Hand Cart
34:06 Bow Saw
35:53 Bodkin Arrow
38:00 Elite Skirmisher
39:17 Town Watch
42:52 Imperial Age
41:31 Gold Shaft Mining
43:01 Ballistics
43:06 Chain Barding Armor
44:44 Chemistry
Connection lost

Rejoining the realm…

Still unreachable

The connection could not be restored.

Session expired

The server has moved on; the page needs a fresh start.